 Dungeon Crawl Stone Soup version 0.31-a0-702-gf82c85558f (webtiles) character file.

Game seed: 82466878702158252

91 qw the Shooter (level 4, 0/28 HPs)
             Began as a Gargoyle Hunter on Sept 7, 2023.
             Slain by an orc
             ... wielding a +2 heavy falchion
              (12 damage)
             ... on level 4 of the Dungeon.
             The game lasted 00:00:57 (2455 turns).

qw the Shooter (Gargoyle Hunter)                    Turns: 2455, Time: 00:00:57

Health: 0/28       AC: 10    Str: 15    XL:     4   Next: 59%
Magic:  4/4        EV: 16    Int:  9    God:
Gold:   33         SH:  0    Dex: 15    Spells: 3/3 levels left

rFire   + . .        Y - +1 shortbow
rCold   + . .        (shield currently unavailable)
rNeg    + . .        p - +2 ring mail {Will+}
rPois   inf          (no helmet)
rElec   +            h - scarf {rC+ rF+}
rCorr   .            (no gloves)
SInv    .            (no boots)
Will    +....        (no amulet)
Stlth   +            e - +5 ring of evasion
HPRegen 0.24/turn    (no ring)
MPRegen 0.09/turn

%: no passive effects
@: no status effects
A: sickness immunity, AC +3, negative energy resistance 1, electricity
resistance, torment resistance 1, petrification resistance
a: no special abilities


You were on level 4 of the Dungeon.
You visited 1 branch of the dungeon, and saw 4 of its levels.

You collected 194 gold pieces.
You spent 161 gold pieces at shops.


Innate Abilities, Weirdness & Mutations

You are immune to sickness and miasma.
Your stone body is resilient. (AC +3)
You are immune to poison.
You resist negative energy. (rN+)
You are resistant to electric shocks. (rElec)
You are resistant to unholy torment.
You are immune to petrification.


   Skills:
 - Level 3.0 Fighting
 + Level 5.4 Ranged Weapons
 - Level 1.0 Armour
 - Level 1.5 Dodging
 - Level 1.1 Stealth


You had 3 spell levels left.
You didn't know any spells.
Your spell library was empty.

Inventory:

Hand Weapons
 Y - a +1 shortbow (weapon)
Armour
 h - a scarf of resistance (worn)
 p - a +2 ring mail of willpower (worn)
Jewellery
 e - a +5 ring of evasion (left hand)
Scrolls
 f - a scroll of identify
 k - 2 scrolls of teleportation
 n - a scroll of enchant armour
Potions
 a - a potion of heal wounds
 c - a potion of resistance
 d - a potion of might
 i - a potion of curing {unknown}
 j - a potion of berserk rage {unknown}
 l - a potion of enlightenment {unknown}
 m - a potion of attraction {unknown}
 o - a potion of ambrosia {unknown}

Dungeon Overview and Level Annotations

Branches:
Dungeon (4/15)
 Temple: D:4-7

Altars:

Shops:
D:1 [   D:3 ?   D:4 [


Message History

2444 |||
Found retreat position at -2,0 (floor) with 0 blocking monsters and 1 monsters attacking at destination at distance 2 You shoot an arrow.
The arrow closely misses the orc.
You shoot an arrow. The arrow hits the orc.
The orc is lightly wounded.
The orc hits you but does no damage.
You shoot an arrow. The arrow hits the orc.
The orc is almost dead.
The orc hits you but does no damage.
The orc wizard hits you with a +0 dagger.
You shoot an arrow. The arrow hits the orc.
You kill the orc!
The orc wizard barely misses you.
The orc wizard hits you with a +0 dagger.
The orc hits you but does no damage.
You shoot an arrow. The arrow hits the orc wizard.
The orc wizard is moderately wounded.
You shoot an arrow. The arrow barely misses the orc wizard.
The orc hits you but does no damage. The orc wizard closely misses you.
The orc misses you.
You shoot an arrow. The arrow barely misses the orc wizard.
The orc wizard hits you but does no damage.
The orc closely misses you.
The orc hits you with a +2 heavy falchion!
You shoot an arrow. The arrow hits the orc wizard.
The orc wizard is heavily wounded.
The orc wizard hits you but does no damage.
The orc hits you but does no damage. x2
The orc wizard hits you but does no damage.
You shoot an arrow. The arrow hits the orc wizard.
The orc wizard is almost dead.
The orc hits you with a +0 club.
The orc wizard points at you and mumbles some strange words.
The magic dart hits you.
The orc hits you with a +2 heavy falchion.
The orc barely misses you.
You shoot an arrow.
The arrow closely misses the orc wizard.
The orc wizard misses you. The orc misses you.
The orc hits you with a +2 heavy falchion!
You die...

#.....####
#........#
####..>...8.####
..............
##.....\....#
............#
#.8...<..#
#.o#)....#
##o@o....#
#########


You could see an orc wizard and 2 orcs.

Vanquished Creatures
  3 adders
  A dart slug (D:3)
  4 orcs
  7 bats
  6 endoplasms
  3 giant cockroaches
  9 goblins
  2 hobgoblins (D:3)
  2 jackals (D:1)
  3 quokkas
  4 ball pythons
  A frilled lizard (D:3)
  4 kobolds
  8 rats
57 creatures vanquished.

Notes
Turn   | Place    | Note
-------+----------+-------------------------------------------
     0 | D:1      | qw the Gargoyle Hunter began the quest for the Orb.
     0 | D:1      | Reached XP level 1. HP: 12/12 MP: 1/1
     0 | D:1      | 0 ||| qw: Version: 0.3-a-76-g4403597
     0 | D:1      | 0 ||| qw: Game counter: 764
     0 | D:1      | 0 ||| qw: Melee chars always use a shield: true
     0 | D:1      | 0 ||| qw: God list: Okawaru
     0 | D:1      | 0 ||| qw: Allow faded altars: false
     0 | D:1      | 0 ||| qw: Do Orc after clearing Dungeon:15 true
     0 | D:1      | 0 ||| qw: Do second Lair branch before Depths: true
     0 | D:1      | 0 ||| qw: Lair rune preference: random
     0 | D:1      | 0 ||| qw: Goals: Normal
     0 | D:1      | 0 ||| PLANNING D:1-11
   286 | D:1      | Found Mitighu's Armour Shop.
   291 | D:1      | Reached XP level 2. HP: 17/17 MP: 2/2
   297 | D:1      | 297 ||| BUYING +0 ring mail (44 gold).
   297 | D:1      | Bought a +0 ring mail for 44 gold pieces
   459 | D:1      | You fall into a shaft and drop 1 floor!
   528 | D:2      | HP: 3/17 [adder (2)]
   530 | D:2      | Reached XP level 3. HP: 4/21 MP: 3/3
   624 | D:2      | 624 ||| UPGRADING to +0 ring mail.
   634 | D:2      | 634 ||| DROPPING +0 leather armour.
   635 | D:2      | 635 ||| DROPPING scarf of invisibility.
   636 | D:2      | 636 ||| UPGRADING to +5 ring of evasion.
   637 | D:2      | 637 ||| READING scroll labelled ELUACOZXIU.
   638 | D:2      | 638 ||| READING scroll labelled KAERAS KOCVI.
   639 | D:2      | 639 ||| READING 2 scrolls labelled OMO IXAONT.
   644 | D:2      | 644 ||| DROPPING scroll of butterflies.
   645 | D:2      | 645 ||| Stepping randomly (stuck).
   646 | D:2      | 646 ||| Stepping randomly (stuck).
   647 | D:2      | 647 ||| Stepping randomly (stuck).
   648 | D:2      | 648 ||| Stepping randomly (stuck).
   649 | D:2      | 649 ||| Stepping randomly (stuck).
   650 | D:2      | 650 ||| Stepping randomly (stuck).
   651 | D:2      | 651 ||| Stepping randomly (stuck).
   652 | D:2      | 652 ||| Stepping randomly (stuck).
   653 | D:2      | 653 ||| Stepping randomly (stuck).
   654 | D:2      | 654 ||| Stepping randomly (stuck).
  1058 | D:1      | 1058 ||| DRINKING 2 dark potions.
  1134 | D:2      | Reached skill level 1 in Armour
  1188 | D:2      | Reached skill level 5 in Ranged Weapons
  1261 | D:2      | Found a faded altar of an unknown god.
  1460 | D:2      | 1460 ||| READING scroll labelled NAULIS TUXOAD.
  1461 | D:2      | 1461 ||| READING scroll labelled CYHUUM DYURIU.
  1781 | D:3      | Reached skill level 3 in Fighting
  1781 | D:3      | Reached XP level 4. HP: 24/28 MP: 4/4
  2034 | D:3      | Found Verevula's Magic Scroll Shop.
  2040 | D:3      | 2040 ||| BUYING scroll of identify (26 gold).
  2040 | D:3      | Bought a scroll of identify for 26 gold pieces
  2040 | D:3      | 2040 ||| BUYING scroll of identify (26 gold).
  2040 | D:3      | Bought a scroll of identify for 26 gold pieces
  2040 | D:3      | 2040 ||| BUYING scroll of identify (26 gold).
  2040 | D:3      | Bought a scroll of identify for 26 gold pieces
  2040 | D:3      | 2040 ||| BUYING scroll of teleportation (39 gold).
  2040 | D:3      | Bought a scroll of teleportation for 39 gold pieces
  2338 | D:3      | 2338 ||| UPGRADING to scarf of resistance.
  2343 | D:3      | 2343 ||| UPGRADING to +2 ring mail of willpower.
  2353 | D:3      | 2353 ||| DROPPING +0 ring mail.
  2354 | D:3      | 2354 ||| READING 2 scrolls labelled ISHRAFR MEPUM.
  2355 | D:3      | 2355 ||| READING 4 scrolls of identify.
  2355 | D:3      | 2355 ||| IDENTIFYING fizzy green potion
  2356 | D:3      | 2356 ||| READING 3 scrolls of identify.
  2356 | D:3      | 2356 ||| IDENTIFYING viscous orange potion
  2357 | D:3      | 2357 ||| READING 2 scrolls of identify.
  2357 | D:3      | 2357 ||| IDENTIFYING sapphire potion
  2358 | D:3      | 2358 ||| DROPPING potion of brilliance.
  2441 | D:4      | Found Kaluzi's Antique Armour Emporium.
  2442 | D:4      | 2442 ||| RETREATING.
  2455 | D:4      | Slain by an orc

Levels and vault maps discovered:
D:1:      lightli_arrival_windingriver, layout_basic, serial_shops, shop
D:2:      layout_basic, ebering_ecumenical_altar_mist
D:3:      layout_basic, serial_shops, shop, kennysheep_potato
D:4:      layout_basic, minmay_temple_entry_large_hall, serial_shops,
          nicolae_stop_n_shop_1

Skill      XL: |  1  2  3 |
---------------+----------+-----
Armour         | 1 |  1.0
Ranged Weapons | 5 |  5.4
Fighting       | 3 |  3.0
Dodging        | |  1.5
Stealth        | |  1.1

Action                     |  1- 3 |  4- 6 || total
---------------------------+-------+-------++-------
   Fire: Shortbow          |   146 |    61 ||   207
    Use: Scroll            |     5 |     4 ||     9
         Potion            |     1 |       ||     1
 Armour: Leather armour    |    37 |       ||    37
         Ring mail         |    15 |    30 ||    45
  Dodge: Dodged            |    58 |    55 ||   113

Table legend:
 A = Non-vault XP
 B = Vault XP
 C = Vault XP percentage of total XP
 D = Non-vault monster count
 E = Vault monster count
 F = Vault count percentage of total count
                 A         B        C        D         E       F
            +---------+---------+-------+---------+---------+-------
      Total |     115 |      16 |  12.2 |      54 |       3 |   5.3
            +---------+---------+-------+---------+---------+-------
        D:1 |      25 |       0 |   0.0 |      15 |       0 |   0.0
        D:2 |      36 |       0 |   0.0 |      17 |       0 |   0.0
        D:3 |      51 |      16 |  23.9 |      21 |       3 |  12.5
        D:4 |       3 |       0 |   0.0 |       1 |       0 |   0.0
            +---------+---------+-------+---------+---------+-------
